 Dungeon Crawl Stone Soup version 0.21-a0-243-g597973d (console) character file.

6 Akra the Vexing (level 1, -2/13 HPs)
             Began as a Gnoll Enchanter on Sept 4, 2017.
             Slain by a goblin
             ... wielding a cursed -1 club
              (6 damage)
             ... on level 1 of the Dungeon.
             The game lasted 00:02:24 (953 turns).

Akra the Vexing (Gnoll Enchanter)                    Turns: 953, Time: 00:02:25

Health: -2/13      AC:  2    Str:  7    XL:     1   Next: 90%
Magic:  4/4        EV: 12    Int:  7    God:
Gold:   16         SH:  0    Dex:  7    Spells: 5/6 levels left

rFire    . . .     SeeInvis .   a - +1 dagger
rCold    . . .     Gourm    .   (no shield)
rNeg     . . .     Faith    .   b - +0 robe
rPois    .         Spirit   .   (no helmet)
rElec    .         Reflect  .   (no cloak)
rCorr    .         Harm     .   (no gloves)
MR       .....                  (no boots)
Stlth    ++........             (no amulet)
HPRegen  0.04/turn              (no ring)
MPRegen  0.09/turn              (no ring)

@: no status effects
A: unchanging attributes, fangs 1, strong nose
a: no special abilities


You were on level 1 of the Dungeon.
You were not hungry.

You visited 1 branch of the dungeon, and saw 2 of its levels.

You collected 16 gold pieces.

Inventory:

Hand Weapons
 a - a +1 dagger (weapon)
Armour
 b - a +0 robe (worn)
Jewellery
 l - an uncursed ring of protection from fire {unknown}
Scrolls
 e - a scroll of identify {unknown}
 i - a scroll of teleportation {unknown}
 k - a scroll of enchant armour {unknown}
Potions
 f - a potion of curing {unknown}
 h - 2 potions of ambrosia {unknown}
 j - a potion of heal wounds {unknown}
Books
 c - a book of Maledictions

   Spells                             Type                      Level
   a - Corona                         Hexes                        1
   b - Ensorcelled Hibernation        Hexes/Ice                    2
   c - Confuse                        Hexes                        3
   d - Tukima's Dance                 Hexes                        3
   e - Dazzling Spray                 Conjuration/Hexes            3
Comestibles
 d - a bread ration
 g - a meat ration


   Skills:
 + Level 2.2 Short Blades
 - Level 2.6 Dodging
 + Level 3.8 Stealth
 - Level 3.0 Spellcasting
 - Level 4.0 Hexes


You had 5 spell levels left.
You knew the following spells:

 Your Spells              Type           Power        Failure   Level  Hunger
a - Corona                Hex            #......      7%          1    ##.....


Dungeon Overview and Level Annotations

Branches:
Dungeon (2/15)

Altars:


Innate Abilities, Weirdness & Mutations

Your physical attributes are unchanging.
You have very sharp teeth.
Your uncanny sense of smell can sniff out nearby items.


Message History

The goblin is moderately wounded.
The goblin misses you.
You barely miss the goblin.
The goblin is moderately wounded.
You hit the goblin.
The goblin is severely wounded.
The goblin hits you but does no damage.
You hit the goblin.
The goblin is almost dead.
The goblin hits you but does no damage.
You closely miss the goblin.
The goblin is almost dead.
The goblin hits you but does no damage.
You closely miss the goblin.
The goblin is almost dead.
The goblin barely misses you.
You barely miss the goblin.
The goblin is almost dead.
The goblin hits you with a club.
You die...

####### ######
#######.....# ##.....
#....##.....# #......
#....##....>######......
#......................#
#...#.(......#........
#.).......#...........
#.#................###
...##.@..............##
#.#.....g..............#
#....#.##########.......
##...... ########.......
#..###. #≈≈>≈≈##...##..
#.. #.##≈≈≈§≈##.......
## #.##§≈≈≈§###....#.
#...[≈§≈...#.##.#.
#..8.....8.#.##..#
#.....<....#.###..
#.....8......#####


You could see a goblin.

Vanquished Creatures
  A dart slug (D:1)
  5 kobolds (D:1)
6 creatures vanquished.

Notes
Turn   | Place    | Note
-------+----------+-------------------------------------------
     0 | D:1      | Akra the Gnoll Enchanter began the quest for the Orb.
     0 | D:1      | Reached XP level 1. HP: 13/13 MP: 4/4
   283 | D:1      | You fall through a shaft!
   953 | D:1      | Slain by a goblin

Vault maps used:
D:1:      grunt_arrival_lava_bath, minmay_misc_feat_doors
D:2:      grunt_temple_overflow_forces_of_nature,
          nicolae_overflow_hidden_temple, first_bread, minivault_4, uniq_robin

Skill      XL: |  1 |
---------------+----+-----
Short Blades   | 2 |  2.2
Dodging        | |  2.6
Stealth        | |  3.8
Spellcasting   | |  3.0
Hexes          | |  4.0

Action                   || total
-------------------------++-------
Melee: Dagger            ||    36
       Bite              ||     1
Armor: Robe              ||     5
Dodge: Dodged            ||    12

Table legend:
 A = Spawn XP
 B = Non-spawn XP
 C = Spawn XP percentage of total XP
 D = Spawn monster count
 E = Non-spawn monster count
 F = Spawn count percentage of total count
 G = Total turns spent on level
                    A         B        C        D         E        F      G
               +---------+---------+-------+---------+---------+-------+---------
         Total |       4 |       5 |  44.4 |       1 |       5 |  16.7 |   953
               +---------+---------+-------+---------+---------+-------+---------
           D:1 |       4 |       5 |  44.4 |       1 |       5 |  16.7 |   938
               +---------+---------+-------+---------+---------+-------+---------
